 Dungeon Crawl Stone Soup version 0.22-a0-525-gf69a080 (webtiles) character file.

47 Amnesiac the Ducker (level 3, -5/19 HPs)
             Began as a Spriggan Fighter on June 22, 2018.
             Killed by nerve-wracking pain
             ... invoked by Jessica
              (14 damage)
             ... on level 2 of the Dungeon.
             The game lasted 00:01:01 (1050 turns).

Amnesiac the Ducker (Spriggan Fighter)              Turns: 1050, Time: 00:01:02

Health: -5/19      AC:  3    Str: 13    XL:     3   Next: 48%
Magic:  4/4        EV: 19    Int:  9    God:
Gold:   8          SH:  6    Dex: 15    Spells: 2/2 levels left

rFire    + . .     SeeInvis +   a - +0 long sword
rCold    . . .     Gourm    .   c - +0 buckler
rNeg     . . .     Faith    .   b - +0 robe
rPois    .         Spirit   .   (helmet restricted)
rElec    .         Reflect  .   h - +0 cloak
rCorr    .         Harm     .   (gloves unavailable)
MR       .....                  (boots unavailable)
Stlth    +.........             (no amulet)
HPRegen  0.06/turn              l - ring of protection from fire
MPRegen  0.09/turn              (no ring)

@: very slightly contaminated, invisible, very quick
A: very small, unfitting armour, see invisible, herbivore, speed 3, slow
metabolism 2
a: no special abilities


You were on level 2 of the Dungeon.
You were not hungry.

You visited 1 branch of the dungeon, and saw 2 of its levels.

You collected 8 gold pieces.

Inventory:

Hand Weapons
 a - a +0 long sword (weapon)
Missiles
 k - 20 stones (quivered)
Armour
 b - a +0 robe (worn)
 c - a +0 buckler (worn)
 h - a +0 cloak (worn)
Jewellery
 l - a ring of protection from fire (left hand)
Scrolls
 e - a scroll of enchant armour {!r, unknown}
 g - 2 scrolls of identify {!r, unknown}
 i - 3 scrolls of teleportation {!r, unknown}
 m - a scroll of fear {!r, unknown}
Potions
 d - a potion of might {!q}
Comestibles
 f - a ration


   Skills:
 - Level 2.4 Fighting
 - Level 2.0 Long Blades
 - Level 4.4 Dodging
 + Level 3.2 Shields


You had 2 spell levels left.
You didn't know any spells.
Your spell library was empty.

Dungeon Overview and Level Annotations

Branches:
Dungeon (2/15)

Altars:

Annotations:
D:2 Jessica


Innate Abilities, Weirdness & Mutations

You are very small and have problems with some larger weapons.
You are too small for most types of armour.
You have supernaturally acute eyesight. (SInv)
You are a herbivore.
You cover ground extremely quickly.
You need to consume almost no food.


Message History

You barely miss the orc wizard.
The orc wizard is moderately wounded.
The orc wizard completely misses you.
You hit the orc wizard but do no damage.
The orc wizard is moderately wounded.
The orc wizard hits you with a dagger of protection.
* * * LOW HITPOINT WARNING * * *
The orc wizard misses you.
You barely miss the orc wizard.
The orc wizard is moderately wounded.
The orc wizard closely misses you.
You riposte.
You hit the orc wizard but do no damage.
The orc wizard is moderately wounded.
You hit the orc wizard but do no damage.
The orc wizard is moderately wounded.
The orc wizard closely misses you.
You riposte.
You hit the orc wizard.
The orc wizard is heavily wounded.
Really quaff
j - a puce potion {!q}?
It was a potion of invisibility {!q}.
You fade into invisibility!
The orc wizard misses you.
You riposte.
You completely miss the orc wizard.
The orc wizard is heavily wounded.
Jessica the Apprentice Sorceress comes into view.
She is wielding a club.
You are very lightly contaminated with residual magic.
You closely miss the orc wizard.
The orc wizard is heavily wounded.
The orc wizard closely misses you.
The orc wizard hits you but does no damage.
Jessica shouts!
You hit the orc wizard.
The orc wizard is severely wounded.
You block the orc wizard's attack.
You hit the orc wizard but do no damage.
The orc wizard is severely wounded.
The orc wizard barely misses you. Jessica gestures at you while chanting.
The orc writhes in agony!
The orc shouts!
You hit the orc wizard.
The orc wizard is almost dead.
The orc wizard completely misses you.
You riposte.
You barely miss the orc wizard.
The orc wizard is almost dead.
Jessica casts a spell at the orc.
The orc barely resists.
The orc wizard casts a spell at you. You block the puff of flame.
You hit the orc wizard.
You kill the orc wizard!
Your Shields skill increases to level 3!
You have reached level 3!
Your experience leads to an increase in your attributes!
Increase (S)trength, (I)ntelligence, or (D)exterity?
You feel stronger. The orc misses you.
You riposte.
You slash the orc!
You kill the orc!
Items here: )) [[ †† You barely miss Jessica.
Jessica misses you.
You hit the hobgoblin.
You kill the hobgoblin!
Jessica casts a spell at something.
Pain shoots through your body!
Ouch! That really hurt!
You die...

.# . .# # # .##.. #.
...>.. #.#####
#...###
###.....#####o......
#.[.†......@).@.....
###############.####


You could see Jessica and an orc.

Vanquished Creatures
  An orc wizard (D:2)
  2 dart slugs (D:1)
  A leopard gecko (D:1)
  An orc (D:2)
  A giant cockroach (D:1)
  A goblin (D:1)
  2 hobgoblins
  3 kobolds
  2 bats (D:1)
  2 frilled lizards
  2 rats (D:1)
18 creatures vanquished.

Notes
Turn   | Place    | Note
-------+----------+-------------------------------------------
     0 | D:1      | Amnesiac the Spriggan Fighter began the quest for the Orb.
     0 | D:1      | Reached XP level 1. HP: 11/11 MP: 2/2
   325 | D:1      | Reached XP level 2. HP: 16/16 MP: 3/3
  1041 | D:2      | Noticed Jessica
  1046 | D:2      | Reached XP level 3. HP: 9/19 MP: 4/4
  1050 | D:2      | Killed from afar by Jessica

Vault maps used:
D:1:      minmay_arrival_four_loops, serial_co_window_serial,
          co_window_of_opportunity_a, co_window_paths_a, co_window_cross_1,
          co_window_paths_a, co_window_of_opportunity_a, co_window_corner_ca,
          co_window_broadway_a, co_window_2corner, co_window_corner_b,
          co_window_of_opportunity_c, co_window_paths_d, co_window_4corner_a,
          glass_columns_a, glass_columns_b
D:2:      nicolae_dithmenos_through_a_glass_darkly, tgw_trog,
          lemuel_crystal_altar, uniq_crazy_yiuf_cottage, uniq_sigmund,
          uniq_jessica

Skill      XL: |  1  2 |
---------------+-------+-----
Long Blades    | 2 |  2.0
Shields        | 3 |  3.2
Fighting       | |  2.4
Dodging        | |  4.4

Action                   || total
-------------------------++-------
Melee: Long sword        ||    46
  Use: Potion            ||     1
 Stab: Sleeping          ||     1
Armor: Robe              ||     3
Dodge: Dodged            ||    30
Block: Buckler           ||     7
       Rpst.: Long sword ||    12

Table legend:
 A = Spawn XP
 B = Non-spawn XP
 C = Spawn XP percentage of total XP
 D = Spawn monster count
 E = Non-spawn monster count
 F = Spawn count percentage of total count
 G = Total turns spent on level
                    A         B        C        D         E        F      G
               +---------+---------+-------+---------+---------+-------+---------
         Total |       0 |      68 |   0.0 |       0 |      18 |   0.0 |  1050
               +---------+---------+-------+---------+---------+-------+---------
           D:1 |       0 |      26 |   0.0 |       0 |      13 |   0.0 |  1020
           D:2 |       0 |      42 |   0.0 |       0 |       5 |   0.0 |    30
               +---------+---------+-------+---------+---------+-------+---------
